TOP OF THE 1ST |
Wichita Wranglers batting - Pitching for Gainesville Guidos : RHP Jimmy Bradley
|
Pitching: RHP Jimmy Bradley
|
|
Batting: RHB Felipe Lópes
|
0-0: Called Strike 0-1: Called Strike 0-2: Ball 1-2: Strikes out swinging
|
Batting: LHB Eric Peterson
|
0-0: Called Strike 0-1: Ball 1-1: Ball 2-1: Called Strike 2-2: Fly out, F8 (Line Drive, 8RM)
|
Batting: RHB Tom Howe
|
0-0: Ball 1-0: Ball 2-0: Called Strike 2-1: Called Strike 2-2: Foul Ball, location: 2F 2-2: Strikes out swinging
|
Top of the 1st over - 0 run(s), 0 hit(s), 0 error(s), 0 left on base; Wichita 0 - Gainesville 0 |
TOP OF THE 2ND |
Wichita Wranglers batting - Pitching for Gainesville Guidos : RHP Jimmy Bradley
|
Batting: RHB Cho-yun Qiao
|
0-0: Called Strike 0-1: Ball 1-1: Foul Ball, location: 2F 1-2: Ball 2-2: Foul Ball, location: 2F 2-2: Ball 3-2: Foul Ball, location: 2F 3-2: Base on Balls
|
Batting: RHB Hamilton Holbrook
|
0-0: Ball 1-0: SINGLE (Groundball, 5) Cho-yun Qiao to second
|
Batting: RHB Javier Coronado
|
0-0: Called Strike 0-1: Ball 1-1: Ball 2-1: DOUBLE (Flyball, 9LD) Cho-yun Qiao scores Hamilton Holbrook to third
|
Batting: LHB José Hernández
|
0-0: Foul Ball, location: 2F 0-1: Swinging Strike 0-2: Strikes out swinging
|
Batting: RHB Dave Henderson
|
0-0: Foul Ball, location: 2F 0-1: Ball 1-1: Swinging Strike 1-2: Strikes out swinging
|
Batting: SHB Javier Peña
|
0-0: Called Strike Balk! Hamilton Holbrook scores Javier Coronado to third 0-1: Ball 1-1: Swinging Strike 1-2: Ball 2-2: Strikes out swinging
|
Top of the 2nd over - 2 run(s), 2 hit(s), 0 error(s), 1 left on base; Wichita 2 - Gainesville 2 |
BOTTOM OF THE 2ND |
Gainesville Guidos batting - Pitching for Wichita Wranglers : RHP George Lockhart
|
Batting: LHB Mark Owens
|
0-0: Ball 1-0: Ball 2-0: SOLO HOME RUN (Flyball, 89XD), Distance : 387 ft
|
Batting: RHB Pedro Mata
|
0-0: Fly out, F7 (Flyball, 78M)
|
Batting: RHB Iván Moreno
|
0-0: Swinging Strike 0-1: Foul Ball, location: 2F 0-2: Ball 1-2: Ball 2-2: Foul Ball, location: 2F 2-2: TRIPLE (Line Drive, 78M)
|
Batting: RHB John Little
|
0-0: Swinging Strike 0-1: Ball 1-1: SINGLE (Groundball, 34D) Iván Moreno scores
|
Batting: RHB Noriyori Ine
|
0-0: Ball 1-0: SINGLE (Groundball, 6MD) John Little to second
|
Batting: RHB Mitch Thomas
|
0-0: Foul Ball, location: 2F 0-1: Called Strike 0-2: Foul Ball, location: 2F 0-2: Ball 1-2: Strikes out swinging
|
Batting: LHB Sergio Barrón
|
0-0: Foul Ball, location: 2F 0-1: Ball 1-1: Ball 2-1: Foul Ball, location: 2F 2-2: Ball 3-2: Base on Balls John Little to third Noriyori Ine to second
|
Batting: LHB Dave Watt
|
0-0: Ball 1-0: Fly out, F4 (Popup, 34)
|
Bottom of the 2nd over - 2 run(s), 4 hit(s), 0 error(s), 3 left on base; Wichita 2 - Gainesville 4 |
TOP OF THE 3RD |
Wichita Wranglers batting - Pitching for Gainesville Guidos : RHP Jimmy Bradley
|
Batting: RHB Felipe Lópes
|
0-0: Called Strike 0-1: Ball 1-1: Ball 2-1: Ball 3-1: Base on Balls
|
Batting: LHB Eric Peterson
|
0-0: Ball 1-0: Called Strike 1-1: Foul Ball, location: 2F 1-2: Strikes out swinging
|
Batting: RHB Tom Howe
|
0-0: Foul Ball, location: 2F 0-1: Ground out 5-3 (Groundball, 5S) Felipe Lópes to second
|
Batting: RHB Cho-yun Qiao
|
0-0: Ball 1-0: Reached on error, E5 (Groundball, 56) Felipe Lópes to third
|
Batting: RHB Hamilton Holbrook
|
0-0: Called Strike 0-1: Foul Ball, location: 2F 0-2: Strikes out swinging
|
Top of the 3rd over - 0 run(s), 0 hit(s), 1 error(s), 2 left on base; Wichita 2 - Gainesville 4 |
BOTTOM OF THE 3RD |
Gainesville Guidos batting - Pitching for Wichita Wranglers : RHP George Lockhart
|
Batting: LHB Pat Zimmerman
|
0-0: Ball 1-0: Ball 2-0: Called Strike 2-1: Ball 3-1: Base on Balls
|
Batting: LHB Mark Owens
|
0-0: Ball 1-0: Foul Ball, location: 2F 1-1: Ball 2-1: Called Strike 2-2: Foul Ball, location: 2F 2-2: Foul Ball, location: 2F 2-2: Ground out 3-1 (Groundball, 34) Pat Zimmerman to second
|
Batting: RHB Pedro Mata
|
0-0: Ball 1-0: Called Strike 1-1: Ball 2-1: SINGLE (Line Drive, 6D) Pat Zimmerman to third
|
Batting: RHB Iván Moreno
|
0-0: Called Strike 0-1: Ball 1-1: Fly out, F9 (Flyball, 9S) Runner from 3rd tags up, SCORES, throw made
|
Batting: RHB John Little
|
0-0: Foul Ball, location: 2F 0-1: Ground out 4-3 (Groundball, 34)
|
Bottom of the 3rd over - 1 run(s), 1 hit(s), 0 error(s), 1 left on base; Wichita 2 - Gainesville 5 |
TOP OF THE 4TH |
Wichita Wranglers batting - Pitching for Gainesville Guidos : RHP Jimmy Bradley
|
Batting: RHB Javier Coronado
|
0-0: Ball 1-0: Ball 2-0: Called Strike 2-1: Ball 3-1: Base on Balls
|
Batting: LHB José Hernández
|
0-0: Fly out, F7 (Flyball, 78M)
|
Batting: RHB Dave Henderson
|
0-0: Called Strike 0-1: Called Strike 0-2: Foul Ball, location: 2F 0-2: Fly out, F8 (Flyball, 8LXD)
|
Batting: SHB Javier Peña
|
0-0: Called Strike 0-1: Ball 1-1: Ball 2-1: Fly out, F7 (Line Drive, 7S)
|
Top of the 4th over - 0 run(s), 0 hit(s), 0 error(s), 1 left on base; Wichita 2 - Gainesville 5 |
BOTTOM OF THE 4TH |
Gainesville Guidos batting - Pitching for Wichita Wranglers : RHP George Lockhart
|
Batting: RHB Noriyori Ine
|
0-0: Ball 1-0: Foul Ball, location: 2F 1-1: Ball 2-1: Fly out, F7 (Flyball, 7LM)
|
Batting: RHB Mitch Thomas
|
0-0: SINGLE (Line Drive, 56D)
|
Batting: LHB Sergio Barrón
|
0-0: Ball 1-0: SINGLE (Groundball, 56D) Mitch Thomas to second
|
Batting: LHB Dave Watt
|
0-0: Called Strike Sergio Barrón steals 2nd base Mitch Thomas to third 0-1: Called Strike 0-2: Foul Ball, location: 2F 0-2: Foul Ball, location: 2F 0-2: Fly out, F7 (Flyball, 7M) Runner from 3rd tags up, SCORES, no throw
|
Batting: LHB Pat Zimmerman
|
0-0: Ground out 1-3 (Groundball, 13)
|
Bottom of the 4th over - 1 run(s), 2 hit(s), 0 error(s), 1 left on base; Wichita 2 - Gainesville 6 |
TOP OF THE 5TH |
Wichita Wranglers batting - Pitching for Gainesville Guidos : RHP Jimmy Bradley
|
Batting: RHB Felipe Lópes
|
0-0: Ball 1-0: Called Strike 1-1: Ball 2-1: Fly out, F7 (Line Drive, 78M)
|
Batting: LHB Eric Peterson
|
0-0: Called Strike 0-1: Called Strike 0-2: Ball 1-2: Ball 2-2: Ball 3-2: Foul Ball, location: 2F 3-2: Foul Ball, location: 2F 3-2: Reached on error, E5 (Groundball, 56S)
|
Batting: RHB Tom Howe
|
0-0: Ball 1-0: Foul Ball, location: 2F 1-1: Swinging Strike 1-2: Strikes out looking
|
Batting: RHB Cho-yun Qiao
|
0-0: Ball 1-0: Called Strike 1-1: SINGLE (Groundball, 56D) Eric Peterson to third Runner from 3rd tries for Home, SAFE, no throw or cutoff
|
Batting: RHB Hamilton Holbrook
|
0-0: Called Strike 0-1: Ball 1-1: Called Strike 1-2: Ground out 1-3 (Groundball, 15)
|
Top of the 5th over - 1 run(s), 1 hit(s), 1 error(s), 1 left on base; Wichita 3 - Gainesville 6 |
BOTTOM OF THE 5TH |
Gainesville Guidos batting - Pitching for Wichita Wranglers : RHP George Lockhart
|
Batting: LHB Mark Owens
|
0-0: Called Strike 0-1: Ball 1-1: Ball 2-1: Ball 3-1: Base on Balls
|
Batting: RHB Pedro Mata
|
0-0: Called Strike 0-1: Swinging Strike 0-2: Strikes out swinging
|
Batting: RHB Iván Moreno
|
0-0: Ball 1-0: Ball 2-0: Ball 3-0: Called Strike 3-1: Base on Balls Mark Owens to second
|
Batting: RHB John Little
|
0-0: Fly out, F8 (Flyball, 8LM)
|
Pitching: RHP Larry Jones
|
|
Batting: RHB Noriyori Ine
|
0-0: Fly out, F8 (Flyball, 8LM)
|
Bottom of the 5th over - 0 run(s), 0 hit(s), 0 error(s), 2 left on base; Wichita 3 - Gainesville 6 |
TOP OF THE 6TH |
Wichita Wranglers batting - Pitching for Gainesville Guidos : RHP Jimmy Bradley
|
Pitching: RHP Pat Wright
|
|
Batting: RHB Javier Coronado
|
0-0: Ball 1-0: Ball 2-0: Foul Ball, location: 2F 2-1: Ball 3-1: Base on Balls
|
Batting: LHB José Hernández
|
0-0: Ball 1-0: Ball 2-0: SINGLE (Groundball, 4M) Javier Coronado to second Runner from 2nd tries for 3rd, SAFE, no throw or cutoff
|
Batting: RHB Dave Henderson
|
0-0: Called Strike 0-1: Called Strike 0-2: Strikes out looking
|
Batting: SHB Javier Peña
|
0-0: Foul Ball, location: 2F 0-1: Ball 1-1: Foul Ball, location: 2F 1-2: Ball 2-2: Foul Ball, location: 2F 2-2: Strikes out looking
|
Batting: RHB Felipe Lópes
|
0-0: Ball 1-0: Called Strike 1-1: Ball 2-1: Ball 3-1: SINGLE (Groundball, 56D) Javier Coronado scores José Hernández to second
|
Batting: LHB Eric Peterson
|
0-0: Ball 1-0: Ball 2-0: 3-RUN HOME RUN (Line Drive, 89XD), Distance : 382 ft
|
Batting: RHB Tom Howe
|
0-0: SINGLE (Groundball, 4MD) (infield hit)
|
Pitching: RHP Marlon Ryan
|
|
Batting: RHB Cho-yun Qiao
|
0-0: Called Strike Tom Howe steals 2nd base 0-1: 2-RUN HOME RUN (Flyball, 78XD), Distance : 406 ft
|
Batting: RHB Hamilton Holbrook
|
0-0: Swinging Strike 0-1: Ball 1-1: SINGLE (Groundball, 34D)
|
Batting: RHB Javier Coronado
|
0-0: Called Strike 0-1: Ball 1-1: Ball 2-1: Ground out 4-3 (Groundball, 4)
|
Top of the 6th over - 6 run(s), 6 hit(s), 0 error(s), 1 left on base; Wichita 9 - Gainesville 6 |
BOTTOM OF THE 6TH |
Gainesville Guidos batting - Pitching for Wichita Wranglers : RHP Larry Jones
|
Batting: RHB Mitch Thomas
|
0-0: Ball 1-0: Swinging Strike 1-1: Foul Ball, location: 2F 1-2: Foul Ball, location: 2F 1-2: Ground out 5-3 (Groundball, 5S)
|
Batting: LHB Sergio Barrón
|
0-0: Called Strike 0-1: Ball 1-1: Foul Ball, location: 2F 1-2: Foul Ball, location: 2F 1-2: Foul Ball, location: 2F 1-2: DOUBLE (Line Drive, 9LS)
|
Batting: LHB Dave Watt
|
0-0: Ball 1-0: Ball 2-0: Fly out, F7 (Popup, 78S)
|
Batting: LHB Pat Zimmerman
|
0-0: Called Strike 0-1: Ground out 3-1 (Groundball, 34)
|
Bottom of the 6th over - 0 run(s), 1 hit(s), 0 error(s), 1 left on base; Wichita 9 - Gainesville 6 |
TOP OF THE 7TH |
Wichita Wranglers batting - Pitching for Gainesville Guidos : RHP Marlon Ryan
|
Batting: LHB José Hernández
|
0-0: Called Strike 0-1: Foul Ball, location: 2F 0-2: Ball 1-2: Ground out 3-1 (Groundball, 34)
|
Batting: RHB Dave Henderson
|
0-0: Ball 1-0: Foul Ball, location: 2F 1-1: Ball 2-1: Swinging Strike 2-2: Ball 3-2: Foul Ball, location: 2F 3-2: Foul Ball, location: 2F 3-2: Base on Balls
|
Batting: SHB Javier Peña
|
0-0: Foul Ball, location: 2F 0-1: Swinging Strike 0-2: Ball 1-2: Ball 2-2: SINGLE (Line Drive, 78M) Dave Henderson to second
|
Batting: RHB Felipe Lópes
|
0-0: Called Strike 0-1: Ball 1-1: DOUBLE (Line Drive, 5D) Dave Henderson scores Javier Peña to third
|
Batting: LHB Eric Peterson
|
0-0: Intentional Walk
|
Batting: RHB Tom Howe
|
0-0: Ball 1-0: SINGLE (Line Drive, 9S) Javier Peña scores Felipe Lópes to third Eric Peterson to second Runner from 3rd tries for Home, SAFE, no throw or cutoff
|
Pitching: LHP Pedro Flores
|
|
Batting: RHB Cho-yun Qiao
|
0-0: Ball 1-0: Called Strike 1-1: Ball 2-1: Foul Ball, location: 2F 2-2: Strikes out looking
|
Batting: RHB Hamilton Holbrook
|
0-0: Reached on error, E5 (Groundball, 56) Eric Peterson to third Tom Howe to second
|
Batting: RHB Javier Coronado
|
0-0: Called Strike 0-1: Ball 1-1: Swinging Strike 1-2: Strikes out looking
|
Top of the 7th over - 3 run(s), 3 hit(s), 1 error(s), 3 left on base; Wichita 12 - Gainesville 6 |
BOTTOM OF THE 7TH |
Gainesville Guidos batting - Pitching for Wichita Wranglers : RHP Larry Jones
|
Batting: LHB Mark Owens
|
0-0: Called Strike 0-1: SINGLE (Line Drive, 8LS)
|
Batting: RHB Pedro Mata
|
0-0: Called Strike 0-1: Ball 1-1: Ball 2-1: Foul Ball, location: 2F 2-2: Ball 3-2: Base on Balls Mark Owens to second
|
Batting: RHB Iván Moreno
|
0-0: Ball 1-0: Grounds into double play, U4-3 (Groundball, 4) Mark Owens to third
|
Batting: RHB John Little
|
0-0: SINGLE (Groundball, 4M) Mark Owens scores
|
Batting: RHB Noriyori Ine
|
0-0: Ball 1-0: Foul Ball, location: 2F 1-1: Swinging Strike 1-2: Strikes out swinging
|
Bottom of the 7th over - 1 run(s), 2 hit(s), 0 error(s), 1 left on base; Wichita 12 - Gainesville 7 |
TOP OF THE 8TH |
Wichita Wranglers batting - Pitching for Gainesville Guidos : LHP Pedro Flores
|
Batting: LHB José Hernández
|
0-0: Ball 1-0: Ball 2-0: Called Strike 2-1: Ground out 5-3 (Groundball, 56S)
|
Batting: RHB Dave Henderson
|
0-0: Ball 1-0: DOUBLE (Flyball, 7LS)
|
Batting: SHB Javier Peña
|
0-0: Ball 1-0: Swinging Strike 1-1: Ball 2-1: Foul Ball, location: 2F 2-2: Foul Ball, location: 2F 2-2: Ball 3-2: Strikes out looking
|
Batting: RHB Felipe Lópes
|
0-0: Called Strike 0-1: Ball 1-1: Ball 2-1: Called Strike 2-2: Strikes out swinging
|
Top of the 8th over - 0 run(s), 1 hit(s), 0 error(s), 1 left on base; Wichita 12 - Gainesville 7 |
BOTTOM OF THE 8TH |
Gainesville Guidos batting - Pitching for Wichita Wranglers : RHP Larry Jones
|
Pitching: RHP Pat Ellis
|
|
Batting: RHB Mitch Thomas
|
0-0: SINGLE (Line Drive, 9LS)
|
Batting: LHB Sergio Barrón
|
0-0: Ball 1-0: Ball 2-0: Ball 3-0: Base on Balls Mitch Thomas to second
|
Batting: LHB Dave Watt
|
0-0: Called Strike 0-1: Ball 1-1: SINGLE (Line Drive, 3L) Mitch Thomas to third Sergio Barrón to second Runner from 3rd tries for Home, SAFE, no throw or cutoff
|
Pitching: LHP John Livingston
|
|
Batting: LHB Pat Zimmerman
|
0-0: Fielders Choice at 2nd, 3-6 (Groundball, 3) Sergio Barrón to third
|
Batting: LHB Mark Owens
|
0-0: Ball 1-0: 3-RUN HOME RUN (Flyball, 9D), Distance : 361 ft
|
Batting: RHB Pedro Mata
|
0-0: Foul Ball, location: 2F 0-1: Ground out 1-3 (Groundball, 13)
|
Batting: RHB Iván Moreno
|
0-0: Foul Ball, location: 2F 0-1: Called Strike 0-2: Strikes out swinging
|
Bottom of the 8th over - 4 run(s), 3 hit(s), 0 error(s), 0 left on base; Wichita 12 - Gainesville 11 |
TOP OF THE 9TH |
Wichita Wranglers batting - Pitching for Gainesville Guidos : LHP Pedro Flores
|
Batting: LHB Eric Peterson
|
0-0: Ball 1-0: SINGLE (Groundball, 6MD)
|
Batting: RHB Tom Howe
|
0-0: Ball 1-0: Ball 2-0: Called Strike 2-1: Called Strike 2-2: Foul Ball, location: 2F 2-2: Ball 3-2: Foul Ball, location: 2F 3-2: Foul Ball, location: 2F 3-2: Fielders Choice at 2nd, 6-4 (Groundball, 6)
|
Batting: RHB Cho-yun Qiao
|
0-0: Ball 1-0: Called Strike 1-1: Grounds into double play, 5-4-3 (Groundball, 56)
|
Top of the 9th over - 0 run(s), 1 hit(s), 0 error(s), 0 left on base; Wichita 12 - Gainesville 11 |
BOTTOM OF THE 9TH |
Gainesville Guidos batting - Pitching for Wichita Wranglers : LHP John Livingston
|
Pitching: LHP Tommy Campbell
|
|
Pinch Hitting: RHB Kurt Walter
|
0-0: Ball 1-0: Foul Ball, location: 2F 1-1: Foul Ball, location: 2F 1-2: Ball 2-2: Ball 3-2: Base on Balls
|
Batting: RHB Noriyori Ine
|
0-0: Sac Bunt - play at first, batter OUT! 5-4 Kurt Walter to second
|
Pinch Hitting: LHB David Murphy
|
0-0: Ball 1-0: 2-RUN HOME RUN (Line Drive, 9LD), Distance : 352 ft
|
|